 Dungeon Crawl Stone Soup version 0.19.0-19-g8c6edcc (webtiles) character file.

39 glitchdot the Vexing (level 3, 0/20 HPs)
             Began as a Kobold Arcane Marksman on Nov 15, 2016.
             Was a Follower of Makhleb.
             Slain by a gnoll
             ... wielding a +0 whip
              (9 damage)
             ... on level 2 of the Dungeon.
             The game lasted 00:07:42 (864 turns).

glitchdot the Vexing (Kobold Arcane Marksman)        Turns: 864, Time: 00:07:43

Health: 0/20       AC:  2    Str:  8    XL:     3   Next: 70%
Magic:  4/5        EV: 15    Int: 14    God:    Makhleb [*.....]
Gold:   35         SH:  0    Dex: 15    Spells: 2 memorised, 2 levels left

rFire  . . .     SeeInvis .     a - +0 hand crossbow
rCold  . . .     Gourm    .     e - +0 robe
rNeg   . . .     Faith    .     (shield restricted)
rPois  .         Spirit   .     (no helmet)
rElec  .         Reflect  .     (no cloak)
rCorr  .         Harm     .     (no gloves)
MR     .....                    (no boots)
Stlth  +.........               (no amulet)
                                (no ring)
                                (no ring)

@: no status effects
A: carnivore 3
a: Renounce Religion


You were on level 2 of the Dungeon.
You worshipped Makhleb.
Makhleb was aware of your devotion.
You were not hungry.

You visited 1 branch of the dungeon, and saw 2 of its levels.

You collected 35 gold pieces.

Inventory:

Hand Weapons
 a - a +0 hand crossbow (weapon)
 b - a +0 hand axe
Missiles
 d - 22 bolts (quivered)
Armour
 e - a +0 robe (worn)
Scrolls
 i - a scroll of identify
Potions
 g - a potion of resistance
 h - a potion of berserk rage {unknown}
Books
 c - a book of Debilitation

   Spells                             Type                      Level
   a - Corona                         Hexes                        1
   b - Slow                           Hexes                        2
   c - Gell's Gravitas                Hexes/Translocation          3
   d - Inner Flame                    Hexes/Fire                   3
   e - Cause Fear                     Hexes                        4
   f - Leda's Liquefaction            Hexes/Earth                  4
Comestibles
 f - 3 meat rations


   Skills:
 + Level 1.3 Fighting
 + Level 3.4 Crossbows
 + Level 2.5 Dodging
 + Level 1.6 Spellcasting
 + Level 3.5 Hexes


You had 2 spell levels left.
You knew the following spells:

 Your Spells              Type           Power        Failure   Level  Hunger
a - Corona                Hex            ##.....      10%         1    ##.....
b - Slow                  Hex            ##......     12%         2    ###....


Dungeon Overview and Level Annotations

Branches:
Dungeon (2/15)

Altars:
Ashenzari
Makhleb


Innate Abilities, Weirdness & Mutations

You are small and have problems with some larger weapons.
You are carnivorous and can eat meat at any time.


Message History

A gnoll comes into view. It is wielding a whip.
Casting: Corona
Confirm with . or Enter, or press ? or * to list all spells.
Aiming: Corona
Press: ? - help, Shift-Dir - straight line, f - gnoll
Aim: a gnoll, wielding a whip (chance to defeat MR: 54%)
The gnoll is outlined in light.
Firing (i - inventory):
d - 24 bolts (quivered)
Press: ? - help, Shift-Dir - straight line, f/p - gnoll
Aim: a gnoll, wielding a whip (softly glowing)
You shoot a bolt. The bolt hits the gnoll.
The gnoll is moderately wounded.
Firing (i - inventory):
d - 23 bolts (quivered)
Press: ? - help, Shift-Dir - straight line, f/p - gnoll
Aim: a gnoll, wielding a whip (moderately wounded, softly glowing)
You shoot a bolt. The bolt closely misses the gnoll.
The gnoll hits you with a whip!
Ouch! That really hurt!
The gnoll hits you with a whip!
You die...

## .# .# .# .# ##
#.#######.# <
#(...(g@..# #.# #
########..# #.#
## #..# #.# ##.
#..# #.# #.. #..#
#.######..
#..#####.##......
#........##.###..
#.........(.# #..
############# ###


You could see a gnoll.

Vanquished Creatures
  An adder (D:2)
  5 bats
  2 giant cockroaches
  2 goblins (D:1)
  5 hobgoblins
  5 jackals (D:1)
  A quokka (D:2)
  A ball python (D:2)
  A frilled lizard (D:1)
  2 kobolds (D:1)
  A rat (D:1)
26 creatures vanquished.

Notes
Turn   | Place    | Note
-------+----------+-------------------------------------------
     0 | D:1      | glitchdot the Kobold Arcane Marksman began the quest for the Orb.
     0 | D:1      | Reached XP level 1. HP: 12/12 MP: 2/2
    64 | D:1      | Reached XP level 2. HP: 16/16 MP: 1/3
   174 | D:1      | Found a shattered altar of Ashenzari.
   409 | D:1      | Learned a level 2 spell: Slow
   617 | D:1      | Reached XP level 3. HP: 18/20 MP: 1/4
   743 | D:2      | Found a faded altar of an unknown god.
   752 | D:2      | Became a worshipper of Makhleb the Destroyer
   752 | D:2      | Reached * piety under Makhleb
   864 | D:2      | Slain by a gnoll

Skill      XL: |  1  2 |
---------------+-------+-----
Crossbows      | 3 |  3.4
Fighting       | |  1.3
Dodging        | |  2.5
Spellcasting   | |  1.6
Hexes          | |  3.5

Action                   || total
-------------------------++-------
 Fire: Hand crossbow     ||    63
 Cast: Corona            ||    14
  Use: Scroll            ||     2
       Potion            ||     1
Armor: Robe              ||     8
Dodge: Dodged            ||    45
